 Dungeon Crawl Stone Soup version 0.22-a0-553-g9358b0b (webtiles) character file.

50 Amnesiac the Cutter (level 3, 0/19 HPs)
             Began as a Vine Stalker Fighter on June 25, 2018.
             Slain by a gnoll
             ... wielding a +0 halberd
              (9 damage)
             ... on level 3 of the Dungeon.
             The game lasted 00:01:10 (941 turns).

Amnesiac the Cutter (Vine Stalker Fighter)           Turns: 941, Time: 00:01:10

Health: 0/19       AC:  7    Str: 19    XL:     3   Next: 79%
Magic:  0/4        EV: 10    Int:  8    God:
Gold:   99         SH:  4    Dex: 13    Spells: 2/2 levels left

rFire    . . .     SeeInvis .   a - +0 rapier
rCold    . . .     Gourm    .   m - +0 buckler
rNeg     . . .     Faith    .   b - +0 scale mail
rPois    .         Spirit   +   (no helmet)
rElec    .         Reflect  .   e - +0 cloak
rCorr    .         Harm     .   (no gloves)
MR       .....                  (no boots)
Stlth    ..........             (no amulet)
HPRegen  0.06/turn              (no ring)
MPRegen  0.09/turn              (no ring)

@: no status effects
A: fangs 2, magic shield, antimagic bite, no potion heal 3, rot immunity
a: no special abilities


You were on level 3 of the Dungeon.
You were not hungry.

You visited 1 branch of the dungeon, and saw 3 of its levels.

You collected 99 gold pieces.

Inventory:

Hand Weapons
 a - a +0 rapier (weapon)
Armour
 b - a +0 scale mail (worn)
 c - a +0 shield
 e - a +0 cloak (worn)
 m - a +0 buckler (worn)
Jewellery
 q - an uncursed ring of see invisible {unknown}
Scrolls
 g - 4 scrolls of identify {!r, unknown}
 k - a scroll of remove curse {!r, unknown}
 l - 2 scrolls of magic mapping {!r, unknown}
 n - 2 scrolls of teleportation {!r, unknown}
 o - a scroll of fog {!r, unknown}
 r - a scroll of enchant armour {!r, unknown}
Potions
 d - 2 potions of might {!q}
 h - 2 potions of curing {!q, unknown}
 i - 2 potions of brilliance {!q, unknown}
 j - a potion of heal wounds {!q, unknown}
Comestibles
 f - 5 rations
 p - 3 chunks of flesh


   Skills:
 - Level 2.6 Fighting
 * Level 3.1 Short Blades
 - Level 2.4 Armour
 + Level 1.3 Dodging
 - Level 2.6 Shields


You had 2 spell levels left.
You didn't know any spells.
Your spell library was empty.

Dungeon Overview and Level Annotations

Branches:
Dungeon (3/15)

Altars:
Dithmenos
Elyvilon
Okawaru


Innate Abilities, Weirdness & Mutations

You have extremely sharp teeth.
When hurt, damage is shared between your health and your magic reserves.
Your bite disrupts and absorbs the magic of your enemies.
Potions cannot restore your health.
You are immune to rotting.


Message History

p - 3 chunks of flesh (gained 1)
There is a stone staircase leading down here.
You climb downwards.
An adder comes into view.
The adder hisses angrily.
Found a potion of might.
There is a stone staircase leading up here.
There is a stone staircase leading up here.
You closely miss the adder. The adder bites you but does no damage.
You block the adder's attack.
You closely miss the adder. The adder closely misses you.
You closely miss the adder. You block the adder's attack.
You closely miss the adder. You block the adder's attack.
The adder barely misses you.
You hit the adder.
The adder is moderately wounded.
The adder barely misses you.
You closely miss the adder.
The adder is moderately wounded.
The adder bites you. You block the adder's attack.
You hit the adder.
The adder is heavily wounded.
The adder bites you but does no damage.
Your scale mail prevents you from hitting the adder.
The adder is heavily wounded.
The adder bites you but does no damage.
You miss the adder. You bite the adder, but do no damage.
The adder is heavily wounded.
The adder closely misses you. The adder bites you but does no damage.
You puncture the adder!
You kill the adder!
No target in view!
No target in view!
You butcher the adder corpse.
p - 5 chunks of flesh (gained 2)
d - 2 potions of might {!q} (gained 1) Some of the chunks of flesh in your inventory have rotted away.
Found a trident.
HP restored.
You see here a trident.
f - 5 rations (gained 1)
Found a robe.
A goblin comes into view. It is wielding a club.
The goblin shouts!
You hear a shout! x3; You hear an angry hiss.
You puncture the goblin!
You kill the goblin!
No target in view!
No target in view!
An orc comes into view. It is wielding a whip.
The orc shouts!
You hear a shout! x2
Things that are here:
a club; a goblin corpse A gnoll comes into view.
It is wielding a halberd.
The gnoll shouts!
You block the orc's attack.
Found a scroll labeled URUTO ESORCH.
There are monsters nearby!
You puncture the orc!
You kill the orc!
The gnoll hits you from afar with a halberd!
Ouch! That really hurt!
* * * LOW HITPOINT WARNING * * *
The gnoll hits you with a halberd!
You die...

. .# # #.#
.###.# # #.#.#
....####g..####.
#....@).....?.
.....####...####
.. ##.#.#
...#####)## .#
........### .#
..........# ..
[.........# ..
..........# .
#########.#


You could see a gnoll.

Vanquished Creatures
  2 adders
  A worm (D:2)
  4 dart slugs
  An orc (D:3)
  A ball python (D:2)
  2 bats
  A giant cockroach (D:2)
  A goblin (D:3)
  A hobgoblin (D:1)
  3 jackals (D:1)
  2 kobolds
  3 rats
22 creatures vanquished.

Notes
Turn   | Place    | Note
-------+----------+-------------------------------------------
     0 | D:1      | Amnesiac the Vine Stalker Fighter began the quest for the Orb.
     0 | D:1      | Reached XP level 1. HP: 11/11 MP: 2/2
   111 | D:1      | Reached skill level 2 in Short Blades
   186 | D:1      | Reached XP level 2. HP: 16/16 MP: 3/3
   602 | D:2      | Reached skill level 1 in Dodging
   602 | D:2      | Reached XP level 3. HP: 16/19 MP: 4/4
   614 | D:2      | Found a shadowy altar of Dithmenos.
   614 | D:2      | Found a white marble altar of Elyvilon.
   827 | D:2      | Found an iron altar of Okawaru.
   881 | D:2      | Reached skill level 3 in Short Blades
   941 | D:3      | Slain by a gnoll

Vault maps used:
D:1:      moated_graveyard_arrival, serial_bayou_pond_e
D:2:      amethyst_overflow_temple_binary, first_ration, okawaru_metal_pillars_3
D:3:      hex_intersection, minmay_misc_feat_alley

Skill      XL: |  1  2  3 |
---------------+----------+-----
Short Blades   | 2 3 |  3.1
Dodging        | 1 |  1.3
Fighting       | |  2.6
Armour         | |  2.4
Shields        | |  2.6

Action                   || total
-------------------------++-------
Melee: Rapier            ||    57
       Bite              ||    13
Armor: Scale mail        ||    20
Dodge: Dodged            ||    21
Block: Shield            ||    11
       Buckler           ||     6

Table legend:
 A = Spawn XP
 B = Non-spawn XP
 C = Spawn XP percentage of total XP
 D = Spawn monster count
 E = Non-spawn monster count
 F = Spawn count percentage of total count
 G = Total turns spent on level
                    A         B        C        D         E        F      G
               +---------+---------+-------+---------+---------+-------+---------
         Total |       0 |      72 |   0.0 |       0 |      22 |   0.0 |   941
               +---------+---------+-------+---------+---------+-------+---------
           D:1 |       0 |      24 |   0.0 |       0 |      10 |   0.0 |   386
           D:2 |       0 |      30 |   0.0 |       0 |       9 |   0.0 |   513
           D:3 |       0 |      18 |   0.0 |       0 |       3 |   0.0 |    42
               +---------+---------+-------+---------+---------+-------+---------
